[Event "Early-Titled-Tuesday-Blitz-May-14-2024"]
[Site "Chess.com"]
[Date "2024.05.14"]
[Round "8"]
[White "TERMINATOR_PC"]
[Black "super_emi_26"]
[Result "0-1"]
[WhiteElo "2604"]
[BlackElo "2874"]
[TimeControl "180+1"]
[EndTime "9:27:13 PDT"]
[Termination "super_emi_26 won by resignation"]

1. e4 g6 2. d4 Bg7 3. Nc3 c6 4. Bc4 d5 5. exd5 b5 6. Bb3 b4 7.
Na4 cxd5 8. Nf3 Nf6 9. O-O O-O 10. a3 bxa3 11. Rxa3 Nc6 12. c3 Bg4 13. h3 Bxf3 14. Qxf3 e6 15. Bg5 h6 16. Bf4 Ne4 17. Bc2 f5 18. Qe2 g5 19. Bh2 Re8 20. f3 Nd6 21.
Nc5 Nxd4 22. Qa6 Nc4 23. Ra4 Nxc2 24. Nxe6 Qb6+ 0-1

[Event "Early-Titled-Tuesday-Blitz-May-14-2024"]
[Site "Chess.com"]
[Date "2024.05.14"]
[Round "8"]
[White "VirtualCoach"]
[Black "mfschulz"]
[Result "1-0"]
[WhiteElo "2202"]
[BlackElo "2305"]
[TimeControl "180+1"]
[EndTime "9:27:23 PDT"]
[Termination "VirtualCoach won by resignation"]

1. e4 g6 2. d4 Bg7 3. Nc3 c5 4. Be3 cxd4 5. Bxd4 Nf6 6. Nf3 Nc6 7. Be2 Nxd4 8.
Nxd4 O-O 9. O-O d5 10. Bf3 e5 11.
Nde2 d4 12. Nd5 Be6 13. Nxf6+ Bxf6 14. c3 dxc3 15. Nxc3 Qxd1 16. Raxd1 Rfd8 17. Nd5 Bxd5 18. exd5 Rd6 19. Rc1 Bd8 20. Rfe1 f6 21. h3 Bb6 22.
Rc4 Rad8 23. a3 Kg7 24. b4 Bd4 25. a4 R8d7 26. g4 f5 27. Bg2 e4 28. Rxd4 Rxd5 29. Rxd5 Rxd5 30. Rc1 f4 31. Rc7+ Kf6 32. Bxe4 Rd4 33. Bxb7 Rxb4 34. Bc6 a5 35. Rxh7 f3 36. Kh2 Kg5 37. Kg3 1-0

[Event "Early-Titled-Tuesday-Blitz-May-14-2024"]
[Site "Chess.com"]
[Date "2024.05.14"]
[Round "8"]
[White "SirGerhard"]
[Black "Antosha_Chekhonte"]
[Result "0-1"]
[WhiteElo "2714"]
[BlackElo "2595"]
[TimeControl "180+1"]
[EndTime "9:27:37 PDT"]
[Termination "Antosha_Chekhonte won by resignation"]

1. d4 Nf6 2. Nf3 e6 3. c4 d5 4.
Nc3 Be7 5. Bf4 O-O 6. e3 b6 7. cxd5 Nxd5 8. Nxd5 Qxd5 9. a3 Bd6 10. Bg3 Bxg3 11.
hxg3 c5 12. Bd3 h6 13. e4 Qd7 14. Qd2 Ba6 15. Bc2 cxd4 16. Qxd4 Rc8 17. O-O-O Qc7 18. Rd2 Nc6 19. Qe3 Na5 20. Qf4 Nb3+ 21. Kd1 Nxd2 22. Qxc7 Rxc7 0-1

[Event "Early-Titled-Tuesday-Blitz-May-14-2024"]
[Site "Chess.com"]
[Date "2024.05.14"]
[Round "8"]
[White "Raud100"]
[Black "Felix-Rose"]
[Result "0-1"]
[WhiteElo "2345"]
[BlackElo "2258"]
[TimeControl "180+1"]
[EndTime "9:27:37 PDT"]
[Termination "Felix-Rose won by resignation"]

1. d4 d5 2. c4 e6 3. Nc3 Nf6 4. Bg5 Be7 5. e3 Nbd7 6. Nf3 h6 7. Bh4 O-O 8. Bd3 c5 9. O-O b6 10. Qe2 Bb7 11. Rac1 Ne4 12. Bg3 cxd4 13. exd4 Nxg3 14. hxg3 dxc4 15. Bxc4 Nf6 16. Ne5 Qxd4 17. Rfd1 Qc5 18. Nf3 Qh5 19. Nh2 Qxe2 20. Bxe2 Rfd8 21. Bf3 Bxf3 22.
Nxf3 Rxd1+ 23. Rxd1 Rd8 24. Rc1 Rc8 25. Rd1 a6 26. Kf1 b5 27. a3 Bxa3 28. Nxb5 Bxb2 29. Nd6 Rc1 30. Rxc1 Bxc1 31. Ne5 a5 32. Ke2 Nd5 33. Kd1 Bb2 34. Nexf7 a4 35. Kc2 a3 36. Nd8 Nb4+ 37. Kb3 Be5 38. Nc4 a2 39. Nxe5 a1=Q 0-1

[Event "Early-Titled-Tuesday-Blitz-May-14-2024"]
[Site "Chess.com"]
[Date "2024.05.14"]
[Round "8"]
[White "Slovineanu"]
[Black "Let_it_be_1"]
[Result "0-1"]
[WhiteElo "2483"]
[BlackElo "2626"]
[TimeControl "180+1"]
[EndTime "9:27:38 PDT"]
[Termination "Let_it_be_1 won by resignation"]

1. d4 d5 2. Nf3 e6 3. c4 Nf6 4.
e3 Be7 5. b3 O-O 6. Bd3 Nbd7 7.
O-O c5 8. Bb2 b6 9. Nc3 Bb7 10.
Qe2 cxd4 11. exd4 Qc7 12. Rad1 Rac8 13. Ne5 Rfe8 14. f4 Nf8 15. g4 dxc4 16. bxc4 N6d7 17. g5 Nxe5 18. fxe5 Bxg5 19. Nb5 Qc6 20. d5 exd5 21. cxd5 Qc5+ 22. Bd4 Qxd5 23. h4 Qh1+ 24. Kf2 Qxh4+ 0-1

[Event "Early-Titled-Tuesday-Blitz-May-14-2024"]
[Site "Chess.com"]
[Date "2024.05.14"]
[Round "8"]
[White "Carolinamazariegos88"]
[Black "NCchamp"]
[Result "0-1"]
[WhiteElo "1697"]
[BlackElo "2308"]
[TimeControl "180+1"]
[EndTime "9:27:40 PDT"]
[Termination "NCchamp won by resignation"]

1. c4 c6 2. Nc3 d5 3. cxd5 cxd5 4.
d4 Nf6 5. g3 Nc6 6. Bg2 Bf5 7.
Nf3 e6 8. a3 a6 9. O-O Bd6 10.
h3 h6 11. Nh4 Bh7 12. f4 O-O 13. Nf3 Ne4 14. e3 Nxg3 15. Re1 b5 16. Ne5 Rc8 17. Qg4 Ne4 18. Nxe4 dxe4 19. Bd2 Bf5 20. Qg3 Nxe5 21. fxe5 Be7 22. h4 Bxh4 23. Qf4 Bxe1 24. Rxe1 Rc2 25. Bc1 Qc8 26. Qf1 Qc7 27. a4 Rc8 0-1

[Event "Early-Titled-Tuesday-Blitz-May-14-2024"]
[Site "Chess.com"]
[Date "2024.05.14"]
[Round "8"]
[White "Herzog2012"]
[Black "penguingm1"]
[Result "1-0"]
[WhiteElo "2582"]
[BlackElo "2797"]
[TimeControl "180+1"]
[EndTime "9:27:41 PDT"]
[Termination "Herzog2012 won by resignation"]

1. e4 b5 2. Bxb5 f5 3. exf5 c6 4. Qh5+ g6 5. fxg6 Bg7 6. gxh7+ Kf8 7. Bd3 Nf6 8. Qe2 d6 9. Nf3 e5 10. Nc3 Nbd7 11. Nh4 d5 12. Ng6+ Kf7 13. Nxh8+ Bxh8 14. Bf5 Qe7 15. d3 Nc5 16. Bxc8 Rxc8 17. Bg5 Rb8 18.
O-O Ne6 19. f4 Qc5+ 20. Kh1 e4 21. dxe4 d4 22. e5 Nxh7 23. Qh5+ Kg8 24. Qg6+ Ng7 25. Ne4 Qxc2 26. Nf6+ Nxf6 27. Qxc2 1-0

[Event "Early-Titled-Tuesday-Blitz-May-14-2024"]
[Site "Chess.com"]
[Date "2024.05.14"]
[Round "8"]
[White "GMG"]
[Black "Jospem"]
[Result "0-1"]
[WhiteElo "2799"]
[BlackElo "3000"]
[TimeControl "180+1"]
[EndTime "9:27:51 PDT"]
[Termination "Jospem won by resignation"]

1. e4 c5 2. Nf3 d6 3. Bb5+ Nd7 4.
c3 a6 5. Bd3 Ngf6 6. Bc2 e5 7. d4 Be7 8. O-O O-O 9. a4 b6 10.
Re1 Bb7 11. d5 Ne8 12. Nbd2 g6 13. b4 Rc8 14. Bd3 Ng7 15. Qe2 Ra8 16. Ba3 Qc7 17. Rab1 Rfb8 18. g3 Bc8 19. Kg2 f5 20. h4 Nf6 21.
Ng5 f4 22. bxc5 bxc5 23. Bc4 Qa5 24. Ra1 fxg3 25. fxg3 Nfh5 26. Qe3 Nf6 27. Bxc5 Ng4 28. Qg1 Bxg5 29. hxg5 dxc5 30. Rec1 Rb2 0-1

[Event "Early-Titled-Tuesday-Blitz-May-14-2024"]
[Site "Chess.com"]
[Date "2024.05.14"]
[Round "8"]
[White "karinachess1"]
[Black "ilqar_74"]
[Result "1-0"]
[WhiteElo "2631"]
[BlackElo "2817"]
[TimeControl "180+1"]
[EndTime "9:28:02 PDT"]
[Termination "karinachess1 won by resignation"]

1. d4 Nf6 2. c4 e6 3. Nc3 d5 4. cxd5 exd5 5. Bg5 Bb4 6. a3 Ba5 7. Qa4+ Nc6 8. e3 h6 9. Bxf6 Bxc3+ 10. bxc3 Qxf6 11.
Nf3 O-O 12. Be2 a6 13. c4 dxc4 14. Qxc4 Be6 15. Qc2 Bd5 16. O-O Qd6 17. e4 Be6 18.
d5 Bxd5 19. exd5 Qxd5 20. Rad1 Qa5 21. Qb2 Rab8 22. Rd7 Rfd8 23. Rxd8+ Rxd8 24. Qxb7 Ne7 25. Qxa6 Qc5 26. a4 Ng6 27. Qc4 Qa5 28. Rd1 Re8 29. Bf1 Ra8 30. Rd7 Rf8 31. Rxc7 Qb6 32. Rc8 1-0

[Event "Early-Titled-Tuesday-Blitz-May-14-2024"]
[Site "Chess.com"]
[Date "2024.05.14"]
[Round "8"]
[White "balack95"]
[Black "profedechess93"]
[Result "1/2-1/2"]
[WhiteElo "2519"]
[BlackElo "2631"]
[TimeControl "180+1"]
[EndTime "9:28:02 PDT"]
[Termination "Game drawn by agreement"]

1. d4 d5 2. c4 c6 3. cxd5 cxd5 4. Bf4 Nf6 5. Nc3 a6 6. e3 Nc6 7. Rc1 e6 8. Nf3 Bd6 9. Bxd6 Qxd6 10. Bd3 O-O 11.
O-O e5 12. dxe5 Nxe5 13. Nxe5 Qxe5 14. Be2 Be6 15. Bf3 Rfd8 16. Na4 b5 17. Nc3 Rac8 18.
a3 d4 19. exd4 Rxd4 20. Qe1 Qd6 21. Rd1 Bc4 22. Rxd4 Qxd4 23. Qd1 Qb6 24. Re1 b4 25. axb4 Qxb4 26. Qd2 Rb8 27. Be2 Be6 28. Bxa6 h6 29. h3 Qxb2 30. Qxb2 Rxb2 1/2-1/2

[Event "Early-Titled-Tuesday-Blitz-May-14-2024"]
[Site "Chess.com"]
[Date "2024.05.14"]
[Round "8"]
[White "DvaHrasta"]
[Black "Nikita_Klepikov"]
[Result "1-0"]
[WhiteElo "2521"]
[BlackElo "2301"]
[TimeControl "180+1"]
[EndTime "9:28:05 PDT"]
[Termination "DvaHrasta won by resignation"]

1. c4 e5 2. g3 g6 3. d4 d6 4. dxe5 dxe5 5. Qxd8+ Kxd8 6. Nc3 Be6 7. b3 Bb4 8. Bb2 Nd7 9. O-O-O c6 10. f4 Ke7 11.
Nf3 exf4 12. gxf4 f6 13. Nd4 Bf7 14. Bh3 Rd8 15. e4 Nh6 16. e5 Nc5 17. exf6+ Kf8 18. Rhe1 Nd7 19. Ne6+ Bxe6 20. Bxe6 1-0

[Event "Early-Titled-Tuesday-Blitz-May-14-2024"]
[Site "Chess.com"]
[Date "2024.05.14"]
[Round "8"]
[White "Payyappat"]
[Black "David_George21"]
[Result "0-1"]
[WhiteElo "2515"]
[BlackElo "2384"]
[TimeControl "180+1"]
[EndTime "9:28:09 PDT"]
[Termination "David_George21 won by resignation"]

1. e4 c5 2. Nf3 d6 3. d4 cxd4 4. Nxd4 Nf6 5. Nc3 Nc6 6. Bg5 e6 7. Qd2 a6 8. O-O-O h6 9. Bxf6 Qxf6 10. Nxc6 bxc6 11. f4 d5 12. exd5 cxd5 13. Nxd5 exd5 14. Qxd5 Rb8 15. Bc4 Be7 16. Rhe1 Qxb2+ 17. Kd2 O-O 18. Rb1 Bb4+ 19. Ke3 Re8+ 20. Kf2 Bxe1+ 21. Rxe1 Qxc2+ 22. Kg3 Be6 0-1

[Event "Early-Titled-Tuesday-Blitz-May-14-2024"]
[Site "Chess.com"]
[Date "2024.05.14"]
[Round "8"]
[White "Incognizance"]
[Black "Knightmare1014"]
[Result "0-1"]
[WhiteElo "1978"]
[BlackElo "2282"]
[TimeControl "180+1"]
[EndTime "9:28:12 PDT"]
[Termination "Knightmare1014 won by resignation"]

1. d4 d5 2. c4 e6 3. Nc3 Nf6 4. Bg5 Be7 5. e3 h6 6. Bh4 Nbd7 7. Nf3 O-O 8. Rc1 b6 9. Be2 Bb7 10. cxd5 Nxd5 11. Bxe7 Nxe7 12. O-O c5 13. dxc5 Nxc5 14. Qxd8 Rfxd8 15. Rfd1 Rac8 16. Kf1 Nd5 17. Nxd5 Bxd5 18. b3 a5 19. Ke1 Ne4 20. Bc4 Bb7 21. Rxd8+ Rxd8 22. Ke2 Rc8 23. Rc2 b5 24. Bd3 Rxc2+ 25. Bxc2 Nc3+ 26.
Kd2 Nxa2 27. Ne1 Nb4 28. Bd3 Nxd3 29. Kxd3 Kf8 30. g3 Ke7 31. Kd4 Kd6 32. Nd3 f6 33. Nc5 e5+ 0-1

[Event "Early-Titled-Tuesday-Blitz-May-14-2024"]
[Site "Chess.com"]
[Date "2024.05.14"]
[Round "8"]
[White "Arteler"]
[Black "yonaltimur"]
[Result "0-1"]
[WhiteElo "2226"]
[BlackElo "2359"]
[TimeControl "180+1"]
[EndTime "9:28:13 PDT"]
[Termination "yonaltimur won by checkmate"]

1. e4 c5 2. Nf3 d6 3. d4 cxd4 4.
Nxd4 Nf6 5. Nc3 a6 6. Be3 e5 7.
Nb3 Be6 8. f3 Be7 9. Qd2 Nbd7 10. g4 O-O 11. O-O-O b5 12. g5 Nh5 13. Nd5 Bxd5 14. exd5 g6 15. Na5 f5 16. gxf6 Bxf6 17.
Nc6 Qe8 18. Bh3 Kh8 19. Bh6 Bg7 20. Bxg7+ Kxg7 21. Rde1 Nf4 22. Bf1 Rc8 23. Re4 Nf6 24.
Rxf4 exf4 25. Qxf4 Qe1# 0-1

[Event "Early-Titled-Tuesday-Blitz-May-14-2024"]
[Site "Chess.com"]
[Date "2024.05.14"]
[Round "8"]
[White "AnaKuchava"]
[Black "Louis-Paulsen-Fan"]
[Result "0-1"]
[WhiteElo "2197"]
[BlackElo "2335"]
[TimeControl "180+1"]
[EndTime "9:28:15 PDT"]
[Termination "Louis-Paulsen-Fan won by resignation"]

1. d4 d5 2. Nf3 e6 3. c4 c5 4. cxd5 exd5 5. Nc3 Nc6 6. Bf4 Nf6 7. e3 a6 8. Be2 Bd6 9. Bxd6 Qxd6 10. O-O O-O 11.
Rc1 c4 12. a4 Bf5 13. Nd2 Nb4 14. Re1 Rab8 15. f3 Bd3 16. Kh1 Bxe2 17. Rxe2 Nd3 18.
Rb1 b5 19. axb5 axb5 20. Nb3 Rfe8 21. Nc5 Rxe3 22. Rxe3 Nf2+ 23. Kg1 Nxd1 24. Rxd1 g6 25. Rde1 Qf4 26. Ne2 Qxe3+ 0-1

[Event "Early-Titled-Tuesday-Blitz-May-14-2024"]
[Site "Chess.com"]
[Date "2024.05.14"]
[Round "8"]
[White "AlexanderKing"]
[Black "bubeliang"]
[Result "0-1"]
[WhiteElo "2557"]
[BlackElo "2823"]
[TimeControl "180+1"]
[EndTime "9:28:20 PDT"]
[Termination "bubeliang won by checkmate"]

1. Nf3 Nf6 2. g3 g6 3. Bg2 Bg7 4. c4 O-O 5. Kf1 c5 6. h4 Nc6 7.
d3 d5 8. cxd5 Nxd5 9. h5 Bg4 10.
hxg6 hxg6 11. Rh4 Bxf3 12. Bxf3 e6 13. Nc3 Nd4 14. Bg2 Re8 15. Bd2 Nf5 16. Rh1 Bxc3 17. bxc3 Qf6 18. Kg1 Nxc3 19. Bxc3 Qxc3 20. Rc1 Qf6 21.
Bxb7 Rab8 22. Be4 Nd6 23. Bf3 Kg7 24. Rxc5 Rh8 25. Rxh8 Rxh8 26. Kg2 Nf5 27. Be4 Nd4 28. e3 Nf5 29. Bxf5 gxf5 30. Qf3 Qh6 31. Kf1 Qf6 32. Ke2 Qb2+ 33. Kf1 Qa1+ 34. Ke2 Qxa2+ 35. Kf1 Qb1+ 36. Ke2 Rh1 37. Qf4 Qd1# 0-1

[Event "Early-Titled-Tuesday-Blitz-May-14-2024"]
[Site "Chess.com"]
[Date "2024.05.14"]
[Round "8"]
[White "Dedic8"]
[Black "GothamChess"]
[Result "1-0"]
[WhiteElo "2894"]
[BlackElo "2728"]
[TimeControl "180+1"]
[EndTime "9:28:22 PDT"]
[Termination "Dedic8 won by resignation"]

1. d4 d5 2. c4 dxc4 3. Nf3 Nf6 4. e3 e6 5. Bxc4 c5 6. O-O cxd4 7. exd4 Be7 8. Nc3 O-O 9. Re1 a6 10. Ne5 b5 11.
Qf3 Ra7 12. Bd3 g6 13. Bh6 Re8 14. Rad1 Rc7 15. Qg3 Nh5 16. Qf3 Nf6 17. Bg5 Bb7 18.
Be4 b4 19. Bxb7 bxc3 20. bxc3 a5 21. a4 Kg7 22. Rb1 h6 23. Bxh6+ 1-0

[Event "Early-Titled-Tuesday-Blitz-May-14-2024"]
[Site "Chess.com"]
[Date "2024.05.14"]
[Round "8"]
[White "jaramsdal"]
[Black "LoaySameer"]
[Result "0-1"]
[WhiteElo "2383"]
[BlackElo "2547"]
[TimeControl "180+1"]
[EndTime "9:28:28 PDT"]
[Termination "LoaySameer won by resignation"]

1. e4 g6 2. d4 Bg7 3. Nc3 d6 4. Bc4 Nf6 5. Qe2 O-O 6. h3 Nc6 7. Nf3 e5 8. dxe5 dxe5 9. O-O Nd4 10. Qd3 Nd7 11. Ne2 Nc5 12. Qe3 Nce6 13. c3 Nc2 14. Qd2 Nxa1 15. Bd3 Nc5 16. Bb1 Be6 17. b4 Na4 18.
Qe3 a5 19. Ba3 axb4 20. Bxb4 c5 21. Ba3 Qb6 22. Bd3 c4 23. Rb1 Qxe3 24. fxe3 cxd3 0-1

[Event "Early-Titled-Tuesday-Blitz-May-14-2024"]
[Site "Chess.com"]
[Date "2024.05.14"]
[Round "8"]
[White "ab-lsv"]
[Black "Guldona_2007"]
[Result "1-0"]
[WhiteElo "2348"]
[BlackElo "2198"]
[TimeControl "180+1"]
[EndTime "9:28:31 PDT"]
[Termination "ab-lsv won by resignation"]

1. d4 f5 2. Nc3 Nf6 3. Bg5 d5 4.
e3 e6 5. Nf3 a6 6. Bd3 c5 7.
dxc5 Bxc5 8. O-O Nc6 9. Ne2 O-O 10. c4 dxc4 11. Bxc4 b5 12. Bb3 Na5 13. Qc2 Nxb3 14. axb3 Bb6 15. Rfd1 Qe7 16. Ne5 Bb7 17. Rd7 Qxd7 18.
Nxd7 Nxd7 19. Rd1 Rac8 20. Qd2 Bd5 21. Nc3 Nf6 22. Bxf6 Rxf6 23. Nxd5 exd5 24. Qxd5+ Kh8 25. g3 Rff8 26. Qb7 Bc5 27. Qxa6 b4 28. Kg2 Rfe8 29.
Rd5 g6 30. Qf6+ Kg8 31. Rd7 1-0

[Event "Early-Titled-Tuesday-Blitz-May-14-2024"]
[Site "Chess.com"]
[Date "2024.05.14"]
[Round "8"]
[White "Iskusnyh"]
[Black "lucasmito"]
[Result "1-0"]
[WhiteElo "2596"]
[BlackElo "2715"]
[TimeControl "180+1"]
[EndTime "9:28:32 PDT"]
[Termination "Iskusnyh won by resignation"]

1. d4 d5 2. c4 dxc4 3. e3 e5 4. Bxc4 exd4 5. exd4 Nf6 6. Nf3 Bd6 7. O-O O-O 8. Nc3 Nc6 9. Bg5 h6 10. Bh4 Bg4 11. Qd3 Bxf3 12. Qxf3 Nxd4 13. Qxb7 Nf5 14.
Bxf6 Qxf6 15. Qf3 Rab8 16. b3 Qe5 17. g3 Nd4 18. Qe4 Rfe8 19. Qxe5 Bxe5 20. Rac1 Nf3+ 21.
Kg2 Nd2 22. Rfe1 Nxc4 23. bxc4 Kf8 24. Rc2 c6 25. Re3 Bd4 26. Rd3 Be5 27. Kf3 Rb4 28. Ne4 g6 29. Nc5 Kg7 30. Re3 Re7 31. Nd3 1-0

[Event "Early-Titled-Tuesday-Blitz-May-14-2024"]
[Site "Chess.com"]
[Date "2024.05.14"]
[Round "8"]
[White "Likvidator228"]
[Black "Resourchess"]
[Result "1-0"]
[WhiteElo "2542"]
[BlackElo "2368"]
[TimeControl "180+1"]
[EndTime "9:28:32 PDT"]
[Termination "Likvidator228 won by resignation"]

1. h4 d5 2. h5 h6 3. d4 c6 4. Nf3 Nf6 5. Ne5 Bf5 6. Bf4 e6 7. e3 Ne4 8. f3 Nd6 9. g4 Bh7 10. Bd3 Nd7 11. Bxh7 Rxh7 12. Qd3 Rh8 13. Nd2 Nxe5 14.
Bxe5 Qb6 15. O-O-O O-O-O 16. c4 dxc4 17. Nxc4 Nxc4 18. Qxc4 Qb5 19. Qxb5 cxb5 20. Kb1 f6 21. Rc1+ Kd7 22. Rc7+ Ke8 23. Bf4 Rd7 24. Rhc1 e5 25. dxe5 fxe5 26. Bxe5 Be7 27. Rxd7 Kxd7 28. Rc7+ Ke6 29. Bxg7 Rh7 30. Bd4 Rf7 31. f4 a6 32.
Rxb7 Kd5 33. Kc2 b4 34. Kd3 Ke6 35. Rb6+ Kd7 36. Rxh6 1-0

[Event "Early-Titled-Tuesday-Blitz-May-14-2024"]
[Site "Chess.com"]
[Date "2024.05.14"]
[Round "8"]
[White "fandebobbyfischer"]
[Black "vladgoncharov"]
[Result "1/2-1/2"]
[WhiteElo "2707"]
[BlackElo "2576"]
[TimeControl "180+1"]
[EndTime "9:28:33 PDT"]
[Termination "Game drawn by repetition"]

1. e4 e6 2. d4 d5 3. Nd2 c5 4.
exd5 exd5 5. Ngf3 Nc6 6. Bb5 Bd6 7. O-O Ne7 8. dxc5 Bxc5 9. Nb3 Bd6 10. Bg5 O-O 11. Re1 Bg4 12. h3 Bh5 13. Bxc6 bxc6 14.
Nbd4 Qc7 15. Bxe7 Bxe7 16. Nxc6 Qxc6 17. Rxe7 Bxf3 18. Qxf3 Qxc2 19. Qxd5 Qxb2 20. Rae1 Qb4 21. R1e4 Qb8 22. Rb7 Qc8 23. Ree7 Qc1+ 24. Kh2 Qf4+ 25. Kg1 Qc1+ 26. Kh2 Qf4+ 27. Kg1 Qc1+ 1/2-1/2

[Event "Early-Titled-Tuesday-Blitz-May-14-2024"]
[Site "Chess.com"]
[Date "2024.05.14"]
[Round "8"]
[White "Ariadna_Atreides"]
[Black "olakenn"]
[Result "1-0"]
[WhiteElo "2223"]
[BlackElo "1927"]
[TimeControl "180+1"]
[EndTime "9:28:40 PDT"]
[Termination "Ariadna_Atreides won on time"]

1. d4 Nf6 2. Nf3 d5 3. e3 c6 4. Bd3 Nbd7 5. O-O Nb6 6. Nbd2 Bg4 7. h3 Bxf3 8. Nxf3 e6 9. b3 Bd6 10. a4 Rc8 11. a5 Nbd7 12. Bb2 Bb8 13. Ne5 Qc7 14. f4 O-O 15. Qf3 Nxe5 16. fxe5 Nd7 17. Qh5 g6 18. Qh6 f5 19. exf6 Nxf6 20. Ba3 Rf7 21. Rf3 Ne4 22. Raf1 Rxf3 23. Rxf3 Qh2+ 24. Kf1 Qh1+ 25. Ke2 Qc1 26. Rf8+ 1-0

[Event "Early-Titled-Tuesday-Blitz-May-14-2024"]
[Site "Chess.com"]
[Date "2024.05.14"]
[Round "8"]
[White "Mbneu"]
[Black "NiranjanNavalgund"]
[Result "1-0"]
[WhiteElo "2227"]
[BlackElo "2426"]
[TimeControl "180+1"]
[EndTime "9:28:42 PDT"]
[Termination "Mbneu won by checkmate"]

1. d4 d6 2. f4 e5 3. dxe5 Nc6 4. Nf3 Bg4 5. e4 dxe5 6. Qxd8+ Rxd8 7. Bb5 Bxf3 8.
gxf3 Bb4+ 9. c3 Bd6 10. Nd2 Ne7 11. Nc4 exf4 12. Nxd6+ Rxd6 13. Bxf4 Rf6 14. Bxc7 Rxf3 15. O-O-O O-O 16. Bd6 h6 17. Bxe7 Nxe7 18. Rd7 Ng6 19. Rxb7 Rf2 20. Rd1 Rxh2 21. Bc4 Ne5 22. Bb3 a6 23. a4 Rc8 24. Kb1 Nf3 25. Rdd7 Nd2+ 26. Ka2 Nxe4 27. Rxf7 Nxc3+ 28. Ka3 Nb1+ 29. Kb4 a5+ 30. Kxa5 Kh8 31. Rxg7 Rh5+ 32. Kb6 Rd5 33. Bxd5 Rc6+ 34. Kxc6 Nc3 35. Rh7# 1-0

[Event "Early-Titled-Tuesday-Blitz-May-14-2024"]
[Site "Chess.com"]
[Date "2024.05.14"]
[Round "8"]
[White "ChainedDowntohell"]
[Black "JoliyRoger"]
[Result "1-0"]
[WhiteElo "2581"]
[BlackElo "2415"]
[TimeControl "180+1"]
[EndTime "9:28:47 PDT"]
[Termination "ChainedDowntohell won on time"]

1. d4 Nf6 2. c4 e6 3. Nc3 Bb4 4. Qc2 d5 5. cxd5 exd5 6. Bg5 h6 7. Bh4 O-O 8. e3 c5 9. dxc5 Nc6 10. Bb5 d4 11.
O-O-O Qa5 12. exd4 Bxc3 13. Bxc6 Bxb2+ 14. Kxb2 bxc6 15. Bxf6 gxf6 16. Ne2 Be6 17. Rd3 Qxa2+ 18. Kc1 Qa1+ 19. Qb1 Qxb1+ 20. Kxb1 Bf5 21. Kc2 Rfb8 22. Ra1 a5 23.
Ng3 Bxd3+ 24. Kxd3 Kf8 25. Ne4 Ke7 26. Nc3 Rb4 27.
d5 a4 28. dxc6 a3 29. Nd5+ 1-0

[Event "Early-Titled-Tuesday-Blitz-May-14-2024"]
[Site "Chess.com"]
[Date "2024.05.14"]
[Round "8"]
[White "ChessBliss09"]
[Black "LileKoridze"]
[Result "0-1"]
[WhiteElo "2243"]
[BlackElo "2415"]
[TimeControl "180+1"]
[EndTime "9:28:47 PDT"]
[Termination "LileKoridze won by checkmate"]

1. c4 e5 2. Nc3 Nf6 3. Nf3 Nc6 4. g3 Bb4 5. d3 O-O 6. Bg2 d5 7. cxd5 Nxd5 8. Bd2 Be6 9. O-O Re8 10. a3 Ba5 11. b4 Bb6 12. Rc1 f6 13. Na4 Bd4 14.
e3 Bb6 15. Nc5 Bxc5 16. Rxc5 Qd7 17. Qc2 a6 18. Rc1 Rad8 19. d4 exd4 20. Nxd4 Nxd4 21. exd4 c6 22. a4 Bh3 23. Bxd5+ cxd5 24. Rc7 Qg4 25. Qd3 Rc8 26. Rxc8 Rxc8 27. Rxc8+ Qxc8 28. Qf3 Qc4 29. Qd1 Qxd4 30. Qe1 h6 31. Bc3 Qd3 32. Qe8+ Kh7 33. Qe1 Qf3 34. Qb1+ Kg8 35. Qc2 Qg2# 0-1

[Event "Early-Titled-Tuesday-Blitz-May-14-2024"]
[Site "Chess.com"]
[Date "2024.05.14"]
[Round "8"]
[White "PapaieDudu"]
[Black "rodp92"]
[Result "0-1"]
[WhiteElo "2371"]
[BlackElo "2541"]
[TimeControl "180+1"]
[EndTime "9:28:48 PDT"]
[Termination "rodp92 won on time"]

1. Nf3 Nf6 2. d4 e6 3. c4 d5 4. Nc3 Bb4 5. Bg5 O-O 6. e3 h6 7. Bh4 c5 8. dxc5 g5 9. Nxg5 hxg5 10. Bxg5 Nbd7 11. cxd5 Qa5 12. Bd3 Bxc3+ 13. bxc3 Qxc3+ 14. Kf1 Qe5 15. Bh6 Rd8 16. c6 Nc5 17. c7 Rxd5 18.
Qc2 Nxd3 19. Rd1 Qf5 20. h4 Ng4 0-1

[Event "Early-Titled-Tuesday-Blitz-May-14-2024"]
[Site "Chess.com"]
[Date "2024.05.14"]
[Round "8"]
[White "dinushkipremanath"]
[Black "romulocardoso"]
[Result "0-1"]
[WhiteElo "2005"]
[BlackElo "2318"]
[TimeControl "180+1"]
[EndTime "9:28:49 PDT"]
[Termination "romulocardoso won by resignation"]

1. d4 Nf6 2. Nf3 e6 3. Bf4 d5 4. Nbd2 Bd6 5. e3 O-O 6. Bd3 c5 7. c3 Nc6 8. Bg3 Qc7 9. dxc5 Bxg3 10. hxg3 h6 11. b4 a6 12. a4 e5 13. Bc2 e4 14.
Nd4 Bg4 15. Qb1 Ne5 16. O-O Nh5 17. Bd1 f5 18. Kh2 g5 19. Rh1 f4 20. Nf1 fxg3+ 21. Nxg3 Rxf2 22. Qb3 Nf3+ 23. Bxf3 Qxg3+ 24. Kg1 Bxf3 25.
Qxd5+ Kh8 26. Rh2 Rxg2+ 0-1

[Event "Early-Titled-Tuesday-Blitz-May-14-2024"]
[Site "Chess.com"]
[Date "2024.05.14"]
[Round "8"]
[White "hikaruchija"]
[Black "AlmasRakhmatullaev"]
[Result "0-1"]
[WhiteElo "2604"]
[BlackElo "2864"]
[TimeControl "180+1"]
[EndTime "9:28:50 PDT"]
[Termination "AlmasRakhmatullaev won by checkmate"]

1. e4 c5 2. Nc3 e6 3. g3 Nc6 4. Bg2 g6 5. d3 Bg7 6. Be3 b6 7. Qd2 h6 8. Nge2 Nge7 9. d4 d6 10. O-O-O Ba6 11. Kb1 Qc7 12. dxc5 dxc5 13. Qd6 Qb7 14.
Qd2 h5 15. f4 Rd8 16. Qc1 Nd4 17. Rhe1 O-O 18. Rd2 Bc4 19. Red1 Nxe2 20. Nxe2 Qa6 21. a3 Rxd2 22. Rxd2 Bxe2 23. Rd7 Nc6 24. f5 Ne5 25. Re7 Nc4 26. Bh6 Nxa3+ 27. bxa3 Qb5+ 28. Ka2 Bc4# 0-1

[Event "Early-Titled-Tuesday-Blitz-May-14-2024"]
[Site "Chess.com"]
[Date "2024.05.14"]
[Round "8"]
[White "mostafa_sakha"]
[Black "laysa_latifah"]
[Result "1-0"]
[WhiteElo "2346"]
[BlackElo "2516"]
[TimeControl "180+1"]
[EndTime "9:28:50 PDT"]
[Termination "mostafa_sakha won by resignation"]

1. d4 d5 2. c4 Nf6 3. cxd5 Nxd5 4. Nf3 g6 5. e4 Nb6 6. Nc3 Bg7 7.
h3 O-O 8. Be2 N8d7 9. O-O c6 10.
Bf4 Re8 11. Qc1 e5 12. Bh6 exd4 13. Bxg7 Kxg7 14. Nxd4 Nf6 15. Qe3 Nbd5 16. Nxd5 Rxe4 17. Nxf6 Rxe3 18. fxe3 Qe7 19. Rf3 Qe5 20. Raf1 c5 21.
Nb5 Be6 22. Nc3 Rd8 23. Nce4 Bf5 24. Ng3 Qxf6 25. Rxf5 gxf5 26. Nh5+ Kg6 27. Nxf6 Kxf6 28. e4 Rd2 29. Rxf5+ Kg7 30. Bc4 f6 31. Rxc5 Rxb2 32. Rc7+ Kg6 33. Bd5 1-0

[Event "Early-Titled-Tuesday-Blitz-May-14-2024"]
[Site "Chess.com"]
[Date "2024.05.14"]
[Round "8"]
[White "maciek_92"]
[Black "DominguezOnYoutube"]
[Result "0-1"]
[WhiteElo "2833"]
[BlackElo "3020"]
[TimeControl "180+1"]
[EndTime "9:28:53 PDT"]
[Termination "DominguezOnYoutube won by resignation"]

1. c4 e6 2. Nf3 d5 3. e3 Nf6 4. b3 Bd6 5. Bb2 O-O 6. Nc3 c5 7. cxd5 exd5 8. d4 cxd4 9. Nxd4 Nc6 10. Be2 Re8 11. O-O Nxd4 12. Qxd4 Be5 13. Qd2 Bf5 14. Rfd1 Rc8 15. Rac1 Qa5 16. a3 Ne4 17. Nxe4 Qxd2 18.
Rxd2 Rxc1+ 19. Bxc1 dxe4 20. Bb2 Bxb2 21. Rxb2 Rc8 22.
Kf1 Rc1+ 0-1